 Dungeon Crawl Stone Soup version 0.30.0-11-gf55b779eaf (webtiles) character file.

Game seed: 727053333161893356

50241 Twinkles the Contemplative (level 14, -42/91 HPs)
             Began as a Gargoyle Fighter on May 16, 2023.
             Was a Priest of Cheibriados.
             Annihilated by a titanic slime creature (53 damage)
             ... on level 14 of the Dungeon.
             The game lasted 01:17:57 (21811 turns).

Twinkles the Contemplative (Gargoyle Fighter)      Turns: 21811, Time: 01:17:58

Health: -42/91     AC: 25    Str: 32    XL:     14   Next: 54%
Magic:  17/25      EV: 17    Int: 18    God:    Cheibriados [***...]
Gold:   1353       SH: 12    Dex: 17    Spells: 17/17 levels left

rFire   . . .        a - +0 broad axe
rCold   . . .        k - +0 kite shield
rNeg    + . .        w - +0 acid dragon scales
rPois   ∞            m - +1 helmet
rElec   +            s - +0 cloak
rCorr   +            r - +0 pair of gloves
SInv    .            D - +0 pair of boots
Will    ++...        v - amulet of faith
Stlth   +++          c - ring of willpower
HPRegen 0.35/turn    o - +5 ring of evasion
MPRegen 0.19/turn

%: faith
@: on berserk cooldown, flying, slowed, very slow
A: sickness immunity, AC +10, big wings, negative energy resistance 1,
electricity resistance, torment resistance 1, petrification resistance
a: Renounce Religion, Bend Time, Temporal Distortion


You were on level 14 of the Dungeon.
You worshipped Cheibriados.
Cheibriados was most pleased with you.
You visited 3 branches of the dungeon, and saw 20 of its levels.
You also visited: Sewer and Bailey.

You collected 1353 gold pieces.

Inventory:

Hand Weapons
 a - a +0 broad axe (weapon)
 b - the +7 trident of Fagoghig {antimagic, +Blink rF- Stlth+}
   (You found it on level 5 of the Dungeon)

   rF:        It makes you vulnerable to fire.
   +Blink:    It lets you blink.
   Stlth:     It makes you more stealthy.
Missiles
 f - 19 boomerangs
 n - 23 poisoned darts (quivered)
 u - 6 curare-tipped darts
 x - 7 throwing nets
Armour
 k - a +0 kite shield (worn)
 l - a +1 ring mail of cold resistance
 m - a +1 helmet (worn)
 r - a +0 pair of gloves (worn)
 s - a +0 cloak (worn)
 w - +0 acid dragon scales (worn)
 D - a +0 pair of boots (worn)
Jewellery
 c - a ring of willpower (left hand)
 g - a +6 ring of strength
 o - a +5 ring of evasion (right hand)
 p - a ring of protection from cold
 t - a ring of protection from fire
 v - an amulet of faith (around neck)
 y - a ring of see invisible
Wands
 d - a wand of digging (3)
 e - a wand of charming (15)
 h - a wand of acid (13)
 i - a wand of iceblast (15)
 j - a wand of polymorph (2)
 q - a wand of flame (20)
Scrolls
 E - a scroll of fear
 F - 3 scrolls of fog
 K - 2 scrolls of immolation
 O - 3 scrolls of silence
 S - 2 scrolls of poison
 V - a scroll of vulnerability
 W - a scroll of enchant armour
 X - 7 scrolls of magic mapping
 Y - 14 scrolls of teleportation
Potions
 A - 4 potions of attraction
 B - 5 potions of brilliance
 C - 2 potions of cancellation
 G - a potion of ambrosia
 H - 5 potions of haste
 I - 6 potions of invisibility
 J - 7 potions of curing
 L - 4 potions of flight
 M - 4 potions of might
 N - 5 potions of heal wounds
 P - 3 potions of lignification
 Q - 2 potions of magic
 R - a potion of resistance
 T - a potion of berserk rage
 U - 4 potions of mutation
Miscellaneous
 z - a box of beasts


   Skills:
 + Level 11.8 Fighting
 + Level 12.1 Axes
 - Level 8.3 Armour
 + Level 2.8 Dodging
 - Level 7.2 Stealth
 - Level 10.0 Shields
 - Level 2.3 Spellcasting
 + Level 14.8 Invocations


You had 17 spell levels left.
You didn't know any spells.
Your spell library contained the following spells:

 Spells                   Type           Power      Damage    Failure   Level
 Apportation              Tloc           4%         N/A       30%         1
 Foxfire                  Conj/Fire      8%         2x1d4     30%         1
 Kiss of Death            Conj/Necr      8%         2d6       30%         1
 Necrotise                Necr           8%         1d4       30%         1
 Summon Small Mammal      Summ           8%         N/A       30%         1
 Ensorcelled Hibernation  Hex/Ice        4%         N/A       43%         2
 Confusing Touch          Hex            2%         N/A       67%         3
 Spider Form              Tmut/Pois      2%         N/A       67%         3
 Anguish                  Hex/Necr       1%         N/A       97%         4
 Cause Fear               Hex            1%         N/A       97%         4
 Dispel Undead            Necr           2%         3d7       97%         4
 Petrify                  Tmut/Erth      2%         N/A       97%         4
 Fireball                 Conj/Fire      1%         3d3       100%        5
 Irradiate                Conj/Tmut      1%         3d12      100%        5
 Iskenderun's Battlesphe  Conj           2%         2d6       100%        5
 Conjure Ball Lightning   Conj/Air       1%         3x3d6     100%        6
 Death Channel            Necr           1%         N/A       100%        6
 Plasma Beam              Fire/Air       1%         2x1d12    100%        6
 Starburst                Conj/Fire      1%         6d3       100%        6
 Enfeeble                 Hex            1%         N/A       100%        7
 Orb of Destruction       Conj           1%         9d5       100%        7
 Cigotuvi's Dreadful Rot  Necr/Pois/Air  Unusable   N/A       N/A         2
 Sublimation of Blood     Necr           Unusable   N/A       N/A         2

Dungeon Overview and Level Annotations

Branches:
Dungeon (14/15) Zot: 40447  Temple (1/1) D:4 Zot: 8544    Lair (5/5) D:9 Zot: 33857
  Swamp (0/4) Lair:2        Snake (0/4) Lair:2        Slime (0/5) Lair:5
    Orc (0/2) D:10          Sewer (visited)          Bailey (visited)
 Vaults: D:13-14

Altars:
Ashenzari
Cheibriados
Dithmenos
Elyvilon
Fedhas
Gozag
Hepliaklqana
Kikubaaqudgha
Makhleb
Nemelex Xobeh
Okawaru
Qazlal
Ru
Sif Muna
Trog
Uskayaw
Vehumet
Wu Jian
Xom
Yredelemnul
Zin
The Shining One
Jiyva

Shops:
D:12 [

Annotations:
D:5 2 exclusions
D:13 2 exclusions
D:14 Louise
Lair:3 2 transporters
Lair:5 exclusion: oklob plant


Innate Abilities, Weirdness & Mutations

You are immune to sickness and miasma.
Your stone body is resilient. (AC +10)
You are immune to poison.
Your large and strong wings let you fly.
You resist negative energy. (rN+)
You are resistant to electric shocks. (rElec)
You are resistant to unholy torment.
You are immune to petrification.


Message History

Louise is severely wounded.
You slash the slime creature!
Louise hits you with a +1 morningstar of protection.
You block the slime creature's attack. Louise blocks your attack.
Louise is severely wounded.
You slash the slime creature!
You kill the slime creature!
Cheibriados appreciates the change of pace.
Louise barely misses you.
Two slime creatures merge to form a very large slime creature.
Louise misses you.
You slash Louise!
Louise is severely wounded.
You slash the very large slime creature!
A very large slime creature splits.
You block Louise's attack.
A large slime creature splits.
You hit Louise but do no damage.
Louise is severely wounded.
You slash the slime creature!
You completely miss the large slime creature.
Louise says, "Need a shortcut to the ORB?
Here, let me help!"
Louise points at you and mumbles some strange words.
You resist with almost no effort. The large slime creature hits you.
Two slime creatures merge to form a very large slime creature.
The slime creature hits you but does no damage.
Two slime creatures merge to form an enormous slime creature.
You block Louise's attack. Louise attacks as you move away!
You block Louise's attack. The slime creature closely misses you.
The slime creature hits you but does no damage.
Louise casts a spell at you. The stone arrow misses you.
Two slime creatures merge to form a titanic slime creature.
Louise points at you and mumbles some strange words.
The stone arrow hits you!!
* * * LOW HITPOINT WARNING * * *
The titanic slime creature hits you!!!
Ouch! That really hurt!
You die...

#.# #.#
#.#.......
#.#.....~~
#.#....≈~≈
#.#....~~~
###.#....~..
#<#@#.....~.
#.#J#.......
#.#@).....#
#.#.#####.#
#...# ##..#
#..# #..#
....


You could see Louise and a titanic slime creature.

Vanquished Creatures
  Agnes (D:14)
  A spark wasp (shapeshifter) (Lair:5)
  Josephine (Lair:3)
  2 vault guards (Bailey)
  Harold (Lair:2)
  4 hydras
  A catoblepas (Lair:4)
  A death knight (D:13)
  Erica (Lair:1)
  A centaur warrior (D:13)
  A two-headed ogre (D:11)
  2 tengu warriors (D:13)
  2 boulder beetles
  2 thrashing horrors (Lair:5)
  Sonja (Lair:4)
  Nergalle (Lair:2)
  3 skysharks
  Amaemon (D:8)
  A phantasmal warrior (D:13)
  2 ugly things (D:13)
  3 cyclopes
  6 elephants (Lair:5)
  Joseph (Lair:1)
  2 black mambas
  An orange demon (D:8)
  3 smoke demons (Lair:5)
  5 cane toads
  An unseen horror (D:12)
  7 komodo dragons
  A kobold demonologist (D:9)
  A rime drake (Lair:1)
  A freezing wraith (D:13)
  An ancient zyme (Lair:5)
  2 trolls
  2 polar bears
  Prince Ribbit (Bailey)
  A blink frog (shapeshifter) (D:13)
  13 blink frogs (Lair:5)
  8 slime creatures
  A shadow (D:11)
  4 wraiths
  40 yaks
  4 fire bats (Lair:2)
  4 basilisks
  3 wyverns
  4 humans (Bailey)
  10 vampire mosquitoes
  2 nagas (Lair:2)
  10 water moccasins
  3 acid dragons
  Duvessa (D:4)
  Pargi (Sewer)
  4 ice beasts
  7 orc warriors
  2 sky beasts
  3 black bears
  3 ogres
  6 centaurs
  21 bullfrogs
  5 small abominations (Lair:5)
  6 gnoll sergeants
  4 scorpions
  2 water moccasin zombies (D:5)
  Dowan (D:4)
  4 electric eels
  4 howler monkeys (D:7)
  A gnoll bouda (D:6)
  A bullfrog zombie (D:5)
  5 hounds
  A human zombie (D:5)
  6 jellies
  12 orc priests
  2 sleepcaps
  10 iguanas
  17 orc wizards
  3 hell rats (Lair:4)
  3 hound zombies (D:5)
  3 mummies (D:5)
  2 howler monkey zombies (D:5)
  23 gnolls
  7 adders
  3 river rats (Lair:4)
  3 white imps
  An ufetubus (D:6)
  2 worms
  3 dart slugs
  37 orcs
  3 endoplasms
  3 giant cockroaches
  12 goblins
  8 hobgoblins
  5 jackals
  5 quokkas
  12 ball pythons
  4 bats
  9 frilled lizards
  5 kobolds
  11 rats
  A spectral goblin (D:8)
  2 spectral weapons (D:14)
474 creatures vanquished.

Vanquished Creatures (others)
  A gnoll (D:10)
  A fire vortex (Lair:2)
2 creatures vanquished.

Grand Total: 476 creatures vanquished

Notes
Turn   | Place    | Note
-------+----------+-------------------------------------------
     0 | D:1      | Twinkles the Gargoyle Fighter began the quest for the Orb.
     0 | D:1      | Reached XP level 1. HP: 14/14 MP: 1/1
   160 | D:1      | Reached XP level 2. HP: 15/19 MP: 2/2
   600 | D:2      | Reached XP level 3. HP: 14/23 MP: 3/3
   638 | D:2      | Found an ornate altar of the Wu Jian Council.
  1464 | D:3      | Reached XP level 4. HP: 29/29 MP: 4/4
  1504 | D:3      | Found a faded altar of an unknown god.
  1961 | D:3      | Found a glowing silver altar of Zin.
  1961 | D:3      | Noticed an angel
  2352 | D:4      | Found a staircase to the Ecumenical Temple.
  2363 | Temple   | Entered the Ecumenical Temple
  2657 | Temple   | Became a worshipper of Cheibriados the Contemplative
  2726 | D:4      | Reached skill level 1 in Invocations
  2767 | D:4      | Reached XP level 5. HP: 22/33 MP: 4/6
  2810 | D:4      | Noticed Duvessa
  2823 | D:4      | Killed Duvessa
  2824 | D:4      | Reached skill level 2 in Invocations
  2824 | D:4      | Reached XP level 6. HP: 20/39 MP: 7/7
  2900 | D:4      | Noticed Dowan
  2952 | D:4      | Killed Dowan
  3059 | D:4      | Found a sparkling altar of Nemelex Xobeh.
  3265 | D:3      | HP: 9/39 [something (12)]
  3392 | D:3      | HP: 8/39 [something (13)]
  3393 | D:3      | HP: 1/39 [something (7)]
  3637 | D:3      | HP: 3/39 [something (18)]
  3907 | D:4      | Reached * piety under Cheibriados
  3908 | D:4      | Reached skill level 3 in Invocations
  3908 | D:4      | HP: 8/39 [orc priest/divine providence (10)]
  3921 | D:4      | HP: 6/39 [goblin/+0 dagger (2)]
  4055 | D:4      | Found a bloodstained altar of Trog.
  4220 | D:5      | Entered Level 5 of the Dungeon
  4258 | D:5      | Reached XP level 7. HP: 38/44 MP: 9/9
  4309 | D:5      | Reached skill level 4 in Invocations
  4468 | D:5      | Found a glowing drain.
  4480 | Sewer    | Entered a sewer
  4540 | Sewer    | Noticed Pargi
  4557 | Sewer    | Killed Pargi
  4558 | Sewer    | Reached skill level 5 in Fighting
  4558 | Sewer    | Reached skill level 5 in Armour
  4937 | D:5      | Reached skill level 5 in Axes
  4937 | D:5      | Reached XP level 8. HP: 43/49 MP: 11/11
  4970 | D:5      | Found a hide-covered altar of Uskayaw.
  5020 | D:5      | Reached skill level 5 in Invocations
  5022 | D:5      | Reached ** piety under Cheibriados
  5093 | D:5      | HP: 11/50 [iguana (9)]
  5474 | D:5      | Identified the +7 trident of Fagoghig {antimagic, +Blink
                  | rF- Stlth+}
  5676 | D:5      | Reached skill level 6 in Invocations
  5814 | D:5      | Found an ancient bone altar of Kikubaaqudgha.
  6126 | D:6      | Found a stormy altar of Qazlal.
  6197 | D:6      | Reached XP level 9. HP: 45/55 MP: 12/14
  6235 | D:6      | Found a glowing golden altar of the Shining One.
  6270 | D:6      | Reached *** piety under Cheibriados
  6271 | D:6      | Reached skill level 7 in Invocations
  7072 | D:7      | Found a flagged portal.
  7078 | Bailey   | Entered a bailey
  7132 | Bailey   | Reached **** piety under Cheibriados
  7143 | Bailey   | Reached skill level 5 in Shields
  7172 | Bailey   | Reached skill level 8 in Invocations
  7251 | Bailey   | Noticed a vault guard
  7251 | Bailey   | Noticed Prince Ribbit
  7272 | Bailey   | Killed Prince Ribbit
  7273 | Bailey   | Reached XP level 10. HP: 39/63 MP: 9/16
  7275 | Bailey   | Killed a vault guard
  7351 | Bailey   | Noticed a vault guard
  7371 | Bailey   | HP: 22/63 [vault guard/+0 broad axe (18)]
  7372 | Bailey   | HP: 9/63 [vault guard/+0 broad axe (13)]
  7374 | Bailey   | Killed a vault guard
  7375 | Bailey   | Reached skill level 9 in Invocations
  7717 | D:7      | Found a radiant altar of Vehumet.
  8264 | D:7      | Reached ***** piety under Cheibriados
  8647 | D:8      | Reached skill level 10 in Invocations
  8672 | D:8      | Reached XP level 11. HP: 65/68 MP: 18/18
  8672 | D:8      | Noticed Amaemon
  8696 | D:8      | Killed Amaemon
  9120 | D:8      | Found a hazy altar of Hepliaklqana.
  9154 | D:8      | Identified the +2 sling of Instant Death {freeze, rElec
                  | rPois Dex-3}
 10153 | D:9      | Found a staircase to the Lair.
 10315 | D:9      | Reached skill level 1 in Stealth
 10316 | D:9      | HP: 22/69 [yak (9)]
 10705 | Lair:1   | Entered Level 1 of the Lair of Beasts
 10845 | Lair:1   | Noticed Joseph
 10864 | Lair:1   | Killed Joseph
 10865 | Lair:1   | Reached skill level 11 in Invocations
 11533 | Lair:1   | Noticed Erica
 11556 | Lair:1   | Killed Erica
 11557 | Lair:1   | Reached XP level 12. HP: 59/76 MP: 14/20
 12078 | Lair:2   | Noticed a seven-headed hydra
 12125 | Lair:2   | Killed a seven-headed hydra
 12354 | Lair:2   | Found a staircase to the Snake Pit.
 12576 | Lair:2   | Found a staircase to the Swamp.
 12594 | Lair:2   | Reached skill level 12 in Invocations
 12786 | Lair:2   | Noticed a four-headed hydra
 12800 | Lair:2   | Killed a four-headed hydra
 13004 | Lair:2   | Noticed Nergalle
 13023 | Lair:2   | Killed Nergalle
 13159 | Lair:2   | Noticed Harold
 13169 | Lair:2   | Killed Harold
 13703 | Lair:3   | Reached skill level 5 in Stealth
 13722 | Lair:3   | Noticed a five-headed hydra
 13736 | Lair:3   | Killed a five-headed hydra
 13876 | Lair:3   | Found a transporter.
 13911 | Lair:3   | Found a transporter.
 13925 | Lair:3   | Reached skill level 10 in Axes
 13987 | Lair:3   | Noticed Josephine
 13999 | Lair:3   | Killed Josephine
 14004 | Lair:3   | Reached skill level 10 in Fighting
 14639 | Lair:4   | Reached XP level 13. HP: 82/82 MP: 22/22
 14765 | Lair:4   | Noticed Sonja
 14767 | Lair:4   | Killed Sonja
 14796 | Lair:4   | You fall into a shaft and drop 1 floor!
 14796 | Lair:5   | Entered Level 5 of the Lair of Beasts
 14884 | Lair:5   | Reached skill level 13 in Invocations
 15349 | Lair:5   | Reached ****** piety under Cheibriados
 15765 | Lair:5   | Found a staircase to the Slime Pits.
 15914 | Lair:5   | Found a viscous altar of Jiyva.
 17127 | Lair:5   | Noticed a dire elephant
 17315 | Lair:5   | Reached skill level 14 in Invocations
 17489 | Lair:5   | Noticed a spark wasp
 17511 | Lair:5   | Killed a spark wasp
 17512 | Lair:5   | Reached skill level 1 in Spellcasting
 17776 | D:9      | Found a shadowy altar of Dithmenos.
 17793 | D:9      | Found an ornate altar of the Wu Jian Council.
 17930 | D:10     | Entered Level 10 of the Dungeon
 17946 | D:10     | Reached skill level 10 in Shields
 18045 | D:10     | Gained mutation: Your large and strong wings let you fly.
                  | [Gargoyle growth]
 18045 | D:10     | Reached XP level 14. HP: 66/90 MP: 24/24
 18313 | D:10     | Found a broken altar of Ashenzari.
 18656 | D:10     | Found a sacrificial altar of Ru.
 18860 | D:10     | Found a staircase to the Orcish Mines.
 19944 | D:12     | Reached skill level 1 in Dodging
 19959 | D:12     | Found Dein's Armour Shoppe.
 20611 | D:13     | HP: 29/90 [??? (7)]
 21177 | D:13     | HP: 30/90 [tengu warrior/+1 glaive (4)]
 21182 | D:13     | HP: 21/90 [tengu warrior/+0 bardiche (11)]
 21187 | D:13     | HP: 19/90 [tengu warrior/+1 glaive (8)]
 21777 | D:14     | Noticed Agnes
 21782 | D:14     | Killed Agnes
 21783 | D:14     | Noticed Louise
 21810 | D:14     | HP: 10/91 [Louise/stone arrow (23)]
 21811 | D:14     | Annihilated by a titanic slime creature

Illustrated notes

Levels and vault maps discovered:
D:1:      lightli_arrival_statuegarden, layout_rooms
D:2:      layout_basic, basic_altar, corner_web_ring,
          kennysheep_decorative_pillar, minmay_misc_feat_cross,
          minmay_misc_feat_tower
D:3:      layout_basic, zin_angel, basic_ecumenical_altar, lemuel_flame_loot_1
D:4:      layout_rooms, nemelex_xobeh_ov_fountains_minmay,
          mainiacjoe_overflow_cross_hatched, minmay_temple_entry_mini_moons,
          uniq_duvessa
D:5:      layout_layer_cave, lemuel_mausoleum_altar_kikubaaqudgha,
          kennysheep_little_box, cheibrodos_sewer_entry_bend, minmay_bent
D:6:      layout_cave_pools, mainiacjoe_overflow_tiny_flanked,
          lemuel_crystal_altar
D:7:      layout_basic, mainiacjoe_overflow_small_starburst, enter_bailey_3,
          st_stairs_4, nicolae_titane
D:8:      layout_loops_ring, nicolae_hepliaklqana_monster_ancestors,
          uniq_amaemon
D:9:      layout_layer_cave, nicolae_overflow_squiral, dpeg_oklobed_lair
D:10:     layout_loops_ring, cheibrodos_ashenzari_chains,
          mainiacjoe_overflow_alcove_2, erik_orc_2
D:11:     layout_roguey, minivault_19
D:12:     layout_rooms, serial_shops, nicolae_shop_tiny_real_fake_doors
D:13:     layout_irregular_city, gauntlet_entry_generic
D:14:     layout_basic, lightli_vaults_fourway_checkpoint,
          hangedman_abyss_or_decor_clamps, uniq_nessos, uniq_agnes, uniq_louise
Temple:   compressed_dpeg_triangle_lava_temple
Lair:1:   layout_concentric_octagons, dreamdust_deal_with_the_devil, uniq_erica,
          uniq_joseph
Lair:2:   layout_gridlike, minmay_swamp_entry_reptiles,
          minmay_snake_entry_guardpost_small, grunt_megastairs_4, uniq_nergalle,
          uniq_harold
Lair:3:   gammafunk_worm_tunnel, layout_regular_city, uniq_josephine,
          uniq_prince_ribbit2
Lair:4:   layout_small_grid, kennysheep_abandoned_house, serial_bayou_shore_b,
          uniq_sonja
Lair:5:   hellmonk_lair_end_abyssal_woods, layout_small_grid,
          minmay_slime_entry_pillars

Skill      XL: |  1  2  3  4  5  6  7  8  9 10 11 12 13 14 |
---------------+-------------------------------------------+-----
Axes           | 2 3 4 5 6 7 9 10 11 12 | 12.1
Fighting       | 4 5 6 7 8 9 10 11 | 11.8
Armour         | 4 5 6 7 8 |  8.3
Invocations    | 1 2 3 4 6 8 10 11 12 14 | 14.8
Shields        | 4 5 6 7 8 10 | 10.0
Stealth        | 3 5 7 |  7.2
Spellcasting   | 1 2 |  2.3
Dodging        | 2 |  2.8

Action                     |  1- 3 |  4- 6 |  7- 9 | 10-12 | 13-15 || total
---------------------------+-------+-------+-------+-------+-------++-------
  Melee: War axe           |   159 |   117 |   393 |    10 |       ||   679
         Broad axe         |       |       |       |   484 |   593 ||  1077
         Trident           |       |       |       |    36 |     2 ||    38
  Throw: Dart              |       |       |       |       |     8 ||     8
 Invoke: Bend Time         |       |       |     3 |    10 |    15 ||    28
         Temporal Distorti |       |       |       |     4 |     1 ||     5
         Slouch            |       |       |       |     3 |    12 ||    15
         Step From Time    |       |       |       |       |     1 ||     1
    Use: Scroll            |       |       |     6 |    17 |     3 ||    26
         Potion            |       |       |     2 |     1 |     2 ||     5
   Stab: Sleeping          |       |       |       |       |     4 ||     4
         Distracted        |       |       |       |       |     2 ||     2
 Armour: Scale mail        |    85 |       |       |    36 |   210 ||   331
         Chain mail        |    17 |    70 |   254 |   242 |       ||   583
         Acid dragon scale |       |       |       |       |    63 ||    63
  Dodge: Dodged            |    78 |    40 |   128 |   257 |   355 ||   858
  Block: Buckler           |    34 |    33 |    77 |       |       ||   144
         Reflection        |       |       |     3 |       |       ||     3
         Kite shield       |       |       |   252 |   329 |   438 ||  1019
